Flames vs Predators

Created - 19 octobre 2023 at 15:28

Goals
1 2 3 T
Flames 0 2 0 2
Predators 3 1 1 5
Shots
1 2 3 T
Flames 6 8 9 23
Predators 17 13 13 43

GoalsPenalties
1st period
1. Predators , Trevor Zegras 9 (Nicolas Hague 7) at 1:43 (PP)
2. Predators , Blake Lizotte 12 (Andrew Cogliano 5, Nicolas Hague 8) at 1:55
3. Predators , Trevor Zegras 10 (Corey Perry 9) at 10:54
Matt Martin (CAL) for Hooking (Minor) at 1:29
Corey Perry (NAS) for Fighting (Major) at 5:02
Alexander Edler (CAL) for Fighting (Major) at 5:02
Corey Perry (NAS) for Fighting (Major) at 10:57
Matt Martin (CAL) for Fighting (Major) at 10:57
2nd period
4. Predators , Luke Glendening 6 (Keegan Kolesar 7, Adam Erne 6) at 15:01
5. Flames , Gustav Nyquist 2 (Casey Mittelstadt 2, David Krejci 4) at 15:11
6. Flames , Jack McBain 1 (Tyler Johnson 3) at 17:55
Casey Mittelstadt (CAL) for Roughing (Minor) at 12:52
Nick Leddy (CAL) for High sticking (Minor) at 18:34
3rd period
7. Predators , Nicolas Hague 3 (Andrew Cogliano 6) at 1:48
Luke Glendening (NAS) for Fighting (Major) at 8:43
Casey Mittelstadt (CAL) for Fighting (Major) at 8:43
Corey Perry (NAS) for Roughing (Minor) at 15:13
Goalie Stats
Dylan Wells (CAL), 38 saves from 43 shots - (0,884), L, 0-16-2, 60:00 minutes
Semyon Varlamov (NAS), 21 saves from 23 shots - (0,913), W, 11-6-1, 60:00 minutes
3 StarsOfficial
1 - Nicolas Hague (NAS)
2 - Trevor Zegras (NAS)
3 - Blake Lizotte (NAS)
Referees : Chelsea Rapin and Kelly Sutherland
Linesman : Justin Johnson and Jackie Spresser
Game Note
Corey Perry and Alexander Edler fight to a draw at 5:02 of 1st period
Matt Martin beats up Corey Perry at 10:57 of 1st period
Luke Glendening and Casey Mittelstadt fight to a draw at 8:43 of 3rd period
Finance
Level 1 -- Attendance: 4882 (81%) -- Ticket Income $488,200
Level 2 -- Attendance: 4186 (84%) -- Ticket Income $251,160
Level 3 -- Attendance: 2290 (74%) -- Ticket Income $80,150
Level 4 -- Attendance: 2805 (70%) -- Ticket Income $56,100
Luxury Box -- Attendance: 925 (93%) -- Ticket Income $185,000
Game was played at the Gaylord Ent. Center.
Total Attendance: 15088 (79%)
Total Ticket Income: $1,060,610
Other Income: $318,183
Total Income: $1,378,793



Team Name Goals Shots Shots Attemp Shots Blocked PIM HIT PP PK FO%
Flames 223491821210 / 1 (0%)153%
Predators 54377817231 / 3 (33%)047%

Flames
Player Name POS G A P +/- PIM HIT SHT SB MP PP MP PP SHT PK MP PK SHT FO% FOT GA TA
Alexander EdlerD0000520218:091:1702:2100% 001
Ben HuttonD000-100019:540:0000:0000% 010
Brendan SmithD0000020120:001:1702:2100% 000
Casey MittelstadtC/LW011-2720115:331:0300:0000% 100
David KrejciC011-2002015:131:0300:00070% 2301
Derek GrantC/LW0001032419:560:5602:0700% 000
Dryden HuntLW/RW000001008:090:0000:0000% 100
Eric StaalC000000008:070:5600:00050% 600
Gustav NyquistLW/RW101-2015221:301:0310:0000% 001
Jack McBainC1011013018:100:0002:12045% 1111
Joe VelenoC000-1015018:350:0002:05050% 1201
Matt MartinLW/RW000-1720017:090:0002:0000% 000
Michael StoneD000-1020112:450:0000:0000% 000
Nick LeddyD000-1203326:380:4201:1200% 010
Nikita ZaitsevD000-1011114:450:0000:3900% 000
Olli MaattaD0000010217:500:4201:5100% 003
Ryan ReavesRW000-1022016:250:0000:00020% 500
Tyler JohnsonC/LW/RW0111000016:540:5600:0000% 011
Predators
Player Name POS G A P +/- PIM HIT SHT SB MP PP MP PP SHT PK MP PK SHT FO% FOT GA TA
Adam BoqvistD0002010116:081:3200:0000% 010
Adam ErneLW/RW0111004014:360:2000:4700% 000
Andrew CoglianoLW0221014017:381:4000:5800% 100
Blake LizotteC1011034020:242:5200:47056% 901
Cal FooteD0002010114:250:0000:4600% 000
Corey PerryRW01101231115:441:4000:000100% 100
Erik GustafssonD000-1001117:452:4000:0000% 000
Jesper BoqvistC/LW/RW0000002010:361:0000:1400% 110
Keegan KolesarRW0111024112:270:0000:0000% 010
Luke GlendeningC/LW/RW1011541011:380:0000:58067% 600
Marc-Edouard VlasicD000-1013123:421:3200:4600% 011
Mason McTavishC/LW0000012117:580:0000:0000% 010
Nicolas HagueD1231012127:582:4001:1300% 021
Pat MaroonLW/RW000002309:240:0000:1400% 000
Phil KesselRW0001013017:482:3200:0000% 001
Timothy LiljegrenD0001002020:020:0001:1300% 000
Trevor ZegrasC/LW2020007020:382:3210:00040% 3520
Ty DellandreaC/RW000002009:060:0000:00067% 600

Flames

5 vs 5 Forward
Line #Left WingCenterRight WingPHYDFOFWanted %Time %Time Play
1Casey MittelstadtDavid KrejciGustav Nyquist0053026%14:15
2Derek GrantJack McBainTyler Johnson0053030%15:58
3Matt MartinJoe VelenoRyan Reaves5003031%16:25
4Dryden HuntEric StaalGustav Nyquist0501013%7:11
5 vs 5 Defense
Line #DefenseDefensePHYDFOFWanted %Time %Time Play
1Nick LeddyOlli Maatta0053028%15:17
2Alexander EdlerBrendan Smith0053030%16:22
3Nikita ZaitsevMichael Stone5002024%12:45
4Ben HuttonNick Leddy0502017%9:25
Power Play Forward
Line #Left WingCenterRight WingPHYDFOFWanted %Time %Time Play
1Casey MittelstadtDavid KrejciGustav Nyquist0055053%1:03
2Derek GrantEric StaalTyler Johnson0055047%0:56
Power Play Defense
Line #DefenseDefensePHYDFOFWanted %Time %Time Play
1Nick LeddyOlli Maatta0055035%0:42
2Alexander EdlerBrendan Smith0055065%1:17
Penalty Kill 4 Players Forward
Line #CenterWingPHYDFOFWanted %Time %Time Play
1Joe VelenoMatt Martin0415050%2:05
2Jack McBainDerek Grant1405050%2:07
Penalty Kill 4 Players Defense
Line #DefenseDefensePHYDFOFWanted %Time %Time Play
1Nick LeddyOlli Maatta1405044%1:51
2Alexander EdlerBrendan Smith0415056%2:21
Penalty Kill 3 Players
Line #WingPHYDFOFWanted %Time %Time PlayDefenseDefensePHYDFOFWanted %Time %Time Play
1Joe Veleno050500%0:00 Nikita ZaitsevMichael Stone050500%0:00
2Jack McBain500500%0:00 Alexander EdlerBrendan Smith500500%0:00
4 vs 4 Forward
Line #CenterWingPHYDFOFWanted %Time %Time Play
1Casey MittelstadtGustav Nyquist005500%0:00
2David KrejciDerek Grant005500%0:00
4 vs 4 Defense
Line #DefensePHYDFOFWanted %Time %Time Play
1Nick LeddyOlli Maatta005500%0:00
2Alexander EdlerBrendan Smith005500%0:00
Last Minutes Offensive
Left WingCenterRight WingDefenseDefense
Casey MittelstadtDavid KrejciGustav NyquistNick LeddyOlli Maatta
Last Minutes Defensive
Left WingCenterRight WingDefenseDefense
Casey MittelstadtDerek GrantGustav NyquistNick LeddyOlli Maatta
Time
Total ForwardTotal DefenseLast Minutes OffensiveLast Minutes Defensive
60:00 60:00 0:000:00
Extra Forwards
Normal PowerPlayPenalty Kill
Casey Mittelstadt, Gustav Nyquist, David KrejciCasey Mittelstadt, Gustav NyquistJack McBain
Extra Defensemen
Normal PowerPlayPenalty Kill
Nikita Zaitsev, Michael Stone, Ben HuttonNikita Zaitsev, Nikita ZaitsevMichael Stone
Penalty Shots
Casey Mittelstadt, Gustav Nyquist, Derek Grant, Eric Staal, David Krejci
Goalie
Dylan Wells, Cam Johnson
Scratches
Matt Irwin (Healthy)

Predators

5 vs 5 Forward
Line #Left WingCenterRight WingPHYDFOFWanted %Time %Time Play
1Mason McTavishTrevor ZegrasCorey Perry1224034%18:02
2Andrew CoglianoBlake LizottePhil Kessel1223028%15:00
3Adam ErneLuke GlendeningKeegan Kolesar1222022%11:41
4Pat MaroonTy DellandreaJesper Boqvist0231017%9:06
5 vs 5 Defense
Line #DefenseDefensePHYDFOFWanted %Time %Time Play
1Timothy LiljegrenNicolas Hague1314035%18:50
2Marc-Edouard VlasicErik Gustafsson1313028%15:17
3Adam BoqvistCal Foote1311525%13:35
4Marc-Edouard VlasicNicolas Hague1311511%6:07
Power Play Forward
Line #Left WingCenterRight WingPHYDFOFWanted %Time %Time Play
1Blake LizotteTrevor ZegrasPhil Kessel1137560%2:32
2Andrew CoglianoBlake LizotteCorey Perry1132540%1:40
Power Play Defense
Line #DefenseDefensePHYDFOFWanted %Time %Time Play
1Erik GustafssonNicolas Hague1137563%2:40
2Marc-Edouard VlasicAdam Boqvist1132537%1:32
Penalty Kill 4 Players Forward
Line #CenterWingPHYDFOFWanted %Time %Time Play
1Luke GlendeningAndrew Cogliano23075100%1:59
2Blake LizotteKeegan Kolesar230250%0:00
Penalty Kill 4 Players Defense
Line #DefenseDefensePHYDFOFWanted %Time %Time Play
1Timothy LiljegrenNicolas Hague2307561%1:13
2Marc-Edouard VlasicCal Foote2302539%0:46
Penalty Kill 3 Players
Line #WingPHYDFOFWanted %Time %Time PlayDefenseDefensePHYDFOFWanted %Time %Time Play
1Luke Glendening140600%0:00 Timothy LiljegrenNicolas Hague140600%0:00
2Blake Lizotte140400%0:00 Marc-Edouard VlasicCal Foote140400%0:00
4 vs 4 Forward
Line #CenterWingPHYDFOFWanted %Time %Time Play
1Trevor ZegrasPhil Kessel122500%0:00
2Blake LizotteAndrew Cogliano122500%0:00
4 vs 4 Defense
Line #DefensePHYDFOFWanted %Time %Time Play
1Erik GustafssonNicolas Hague122500%0:00
2Marc-Edouard VlasicTimothy Liljegren122500%0:00
Last Minutes Offensive
Left WingCenterRight WingDefenseDefense
Corey PerryTrevor ZegrasPhil KesselErik GustafssonAdam Boqvist
Last Minutes Defensive
Left WingCenterRight WingDefenseDefense
Blake LizotteLuke GlendeningKeegan KolesarTimothy LiljegrenNicolas Hague
Time
Total ForwardTotal DefenseLast Minutes OffensiveLast Minutes Defensive
60:00 60:00 0:000:00
Extra Forwards
Normal PowerPlayPenalty Kill
Blake Lizotte, Trevor Zegras, Phil KesselPhil Kessel, Trevor ZegrasLuke Glendening
Extra Defensemen
Normal PowerPlayPenalty Kill
Nicolas Hague, Timothy Liljegren, Marc-Edouard VlasicErik Gustafsson, Nicolas HagueTimothy Liljegren
Penalty Shots
Trevor Zegras, Blake Lizotte, Phil Kessel, Corey Perry, Andrew Cogliano
Goalie
Semyon Varlamov, Jaroslav Halak
Scratches
Anthony Duclair (Healthy), Cole Caufield (Back Injury), J.J. Peterka (Healthy)


Play-by-Play

1st period


0:01 of 1st period - Trevor Zegras wins face-off versus David Krejci in neutral zone.
0:14 of 1st period - Slapshot by Gustav Nyquist.
0:14 of 1st period - Shot Misses the Net.
0:55 of 1st period - Snap shot by Keegan Kolesar.
0:55 of 1st period - Stopped by Dylan Wells without a rebound.
0:56 of 1st period - Ty Dellandrea wins face-off versus Dryden Hunt in Flames zone.
1:23 of 1st period - Marc-Edouard Vlasic is hit by Michael Stone and loses puck.
1:29 of 1st period - Minor Penalty to Matt Martin for Hooking.
1:30 of 1st period - Trevor Zegras wins face-off versus Joe Veleno in Flames zone.
1:43 of 1st period - Snap shot by Trevor Zegras.
1:43 of 1st period - Goal by Trevor Zegras - Flames : 0 - Predators : 1.
1:44 of 1st period - David Krejci wins face-off versus Blake Lizotte in neutral zone.
1:55 of 1st period - Snap shot by Blake Lizotte.
1:55 of 1st period - Goal by Blake Lizotte - Flames : 0 - Predators : 2.
1:56 of 1st period - Jack McBain wins face-off versus Luke Glendening in neutral zone.
2:46 of 1st period - Wrist shot by Blake Lizotte.
2:46 of 1st period - Deflect By Andrew Cogliano.
2:46 of 1st period - Stopped by Dylan Wells without a rebound.
2:47 of 1st period - Blake Lizotte wins face-off versus Casey Mittelstadt in Flames zone.
2:48 of 1st period - Snap shot by Andrew Cogliano.
2:48 of 1st period - Shot Blocked by Nick Leddy.
2:50 of 1st period - Slapshot by Marc-Edouard Vlasic.
2:50 of 1st period - Deflect By Andrew Cogliano.
2:50 of 1st period - Stopped by Dylan Wells without a rebound.
2:51 of 1st period - Blake Lizotte wins face-off versus Jack McBain in Flames zone.
3:02 of 1st period - Wrist shot by Tyler Johnson.
3:02 of 1st period - Shot Misses the Net.
3:18 of 1st period - Snap shot by Blake Lizotte.
3:18 of 1st period - Stopped by Dylan Wells with a rebound.
3:20 of 1st period - Wrist shot by Andrew Cogliano.
3:20 of 1st period - Shot Misses the Net.
3:22 of 1st period - Wrist shot by Andrew Cogliano.
3:22 of 1st period - Shot Blocked by Olli Maatta.
3:26 of 1st period - Snap shot by Blake Lizotte.
3:26 of 1st period - Shot Blocked by Derek Grant.
3:32 of 1st period - Snap shot by Phil Kessel.
3:32 of 1st period - Shot Misses the Net.
4:43 of 1st period - Snap shot by Blake Lizotte.
4:43 of 1st period - Shot Misses the Net.
4:45 of 1st period - Slapshot by Marc-Edouard Vlasic.
4:45 of 1st period - Shot Blocked by Nick Leddy.
4:47 of 1st period - Wrist shot by Erik Gustafsson.
4:47 of 1st period - Stopped by Dylan Wells with a rebound.
4:51 of 1st period - Slapshot by Andrew Cogliano.
4:51 of 1st period - Shot Misses the Net.
4:53 of 1st period - Snap shot by Phil Kessel.
4:53 of 1st period - Stopped by Dylan Wells without a rebound.
4:54 of 1st period - David Krejci wins face-off versus Trevor Zegras in Flames zone.
5:02 of 1st period - Corey Perry and Alexander Edler fight to a draw.
5:02 of 1st period - Penalty to Corey Perry for Fighting.
5:02 of 1st period - Penalty to Alexander Edler for Fighting.
5:03 of 1st period - Ryan Reaves wins face-off versus Trevor Zegras in Predators zone.
5:04 of 1st period - Wrist shot by Joe Veleno.
5:04 of 1st period - Stopped by Semyon Varlamov without a rebound.
5:05 of 1st period - Trevor Zegras wins face-off versus Joe Veleno in Predators zone.
5:47 of 1st period - Nikita Zaitsev is hit by Pat Maroon and loses puck.
5:58 of 1st period - Cal Foote is hit by Brendan Smith and loses puck.
6:20 of 1st period - Icing by Nick Leddy.
6:21 of 1st period - Eric Staal wins face-off versus Trevor Zegras in Flames zone.
6:48 of 1st period - Wrist shot by Joe Veleno.
6:48 of 1st period - Stopped by Semyon Varlamov with a rebound.
6:50 of 1st period - Backhand shot by Nick Leddy.
6:50 of 1st period - Stopped by Semyon Varlamov with a rebound.
6:52 of 1st period - Snap shot by Joe Veleno.
6:52 of 1st period - Stopped by Semyon Varlamov without a rebound.
6:53 of 1st period - Luke Glendening wins face-off versus Ryan Reaves in Predators zone.
6:53 of 1st period - Luke Glendening is hit by Nikita Zaitsev.
7:17 of 1st period - Trevor Zegras is hit by Michael Stone and loses puck.
8:19 of 1st period - Wrist shot by Trevor Zegras.
8:19 of 1st period - Stopped by Dylan Wells without a rebound.
8:20 of 1st period - Eric Staal wins face-off versus Blake Lizotte in Flames zone.
8:28 of 1st period - Gustav Nyquist is hit by Blake Lizotte and loses puck.
8:44 of 1st period - Nick Leddy is hit by Luke Glendening.
8:54 of 1st period - Wrist shot by Matt Martin.
8:54 of 1st period - Shot Blocked by Keegan Kolesar.
9:18 of 1st period - Wrist shot by Adam Erne.
9:18 of 1st period - Stopped by Dylan Wells with a rebound.
9:42 of 1st period - Snap shot by Keegan Kolesar.
9:42 of 1st period - Stopped by Dylan Wells with a rebound.
9:54 of 1st period - Wrist shot by Adam Erne.
9:54 of 1st period - Shot Misses the Net.
10:44 of 1st period - Snap shot by Adam Erne.
10:44 of 1st period - Stopped by Dylan Wells without a rebound.
10:45 of 1st period - Trevor Zegras wins face-off versus Ryan Reaves in Flames zone.
10:54 of 1st period - Wrist shot by Trevor Zegras.
10:54 of 1st period - Goal by Trevor Zegras - Flames : 0 - Predators : 3.
10:55 of 1st period - Joe Veleno wins face-off versus Trevor Zegras in neutral zone.
10:57 of 1st period - Matt Martin beats up Corey Perry.
10:57 of 1st period - Penalty to Corey Perry for Fighting.
10:57 of 1st period - Penalty to Matt Martin for Fighting.
10:58 of 1st period - Trevor Zegras wins face-off versus Joe Veleno in Predators zone.
10:58 of 1st period - Trevor Zegras is hit by Ryan Reaves.
11:22 of 1st period - Ty Dellandrea is hit by Derek Grant and loses puck.
13:04 of 1st period - Wrist shot by Blake Lizotte.
13:04 of 1st period - Shot Blocked by Olli Maatta.
13:06 of 1st period - Slapshot by Marc-Edouard Vlasic.
13:06 of 1st period - Shot Blocked by Casey Mittelstadt.
13:16 of 1st period - Snap shot by Derek Grant.
13:16 of 1st period - Stopped by Semyon Varlamov without a rebound.
13:17 of 1st period - Jack McBain wins face-off versus Trevor Zegras in Predators zone.
14:07 of 1st period - Wrist shot by Mason McTavish.
14:07 of 1st period - Stopped by Dylan Wells with a rebound.
14:09 of 1st period - Slapshot by Nicolas Hague.
14:09 of 1st period - Stopped by Dylan Wells with a rebound.
14:11 of 1st period - Slapshot by Trevor Zegras.
14:11 of 1st period - Stopped by Dylan Wells with a rebound.
14:13 of 1st period - Wrist shot by Trevor Zegras.
14:13 of 1st period - Shot Misses the Net.
14:15 of 1st period - Snap shot by Trevor Zegras.
14:15 of 1st period - Shot Misses the Net.
14:45 of 1st period - Slapshot by Michael Stone.
14:45 of 1st period - Deflect By Joe Veleno.
14:45 of 1st period - Shot Misses the Net.
14:45 of 1st period - Puck is out of play.
14:46 of 1st period - Blake Lizotte wins face-off versus Jack McBain in Predators zone.
15:13 of 1st period - Marc-Edouard Vlasic is hit by Gustav Nyquist.
15:24 of 1st period - Slapshot by Gustav Nyquist.
15:24 of 1st period - Stopped by Semyon Varlamov with a rebound.
16:00 of 1st period - Casey Mittelstadt is hit by Marc-Edouard Vlasic and loses puck.
16:05 of 1st period - Slapshot by Jesper Boqvist.
16:05 of 1st period - Stopped by Dylan Wells without a rebound.
16:06 of 1st period - Jack McBain wins face-off versus Ty Dellandrea in Flames zone.
17:09 of 1st period - Ryan Reaves is hit by Pat Maroon and loses puck.
17:41 of 1st period - Gustav Nyquist is hit by Keegan Kolesar and loses puck.
18:23 of 1st period - Slapshot by Jesper Boqvist.
18:23 of 1st period - Shot Blocked by Nikita Zaitsev.
18:42 of 1st period - Icing by Matt Martin.
18:43 of 1st period - Trevor Zegras wins face-off versus Ryan Reaves in Flames zone.
18:50 of 1st period - Slapshot by Nikita Zaitsev.
18:50 of 1st period - Shot Blocked by Mason McTavish.
18:52 of 1st period - Wrist shot by Matt Martin.
18:52 of 1st period - Shot Misses the Net.
19:51 of 1st period - Snap shot by Casey Mittelstadt.
19:51 of 1st period - Shot Blocked by Cal Foote.
Goals for this period are 0 for Flames vs 3 for Predators.
Shots for this period are 6 for Flames vs 17 for Predators.

2nd period


0:01 of 2nd period - David Krejci wins face-off versus Trevor Zegras in neutral zone.
0:12 of 2nd period - Snap shot by David Krejci.
0:12 of 2nd period - Stopped by Semyon Varlamov without a rebound.
0:13 of 2nd period - David Krejci wins face-off versus Trevor Zegras in Predators zone.
0:14 of 2nd period - Slapshot by Gustav Nyquist.
0:14 of 2nd period - Stopped by Semyon Varlamov with a rebound.
1:02 of 2nd period - Wrist shot by Keegan Kolesar.
1:02 of 2nd period - Shot Misses the Net.
1:23 of 2nd period - Icing by Alexander Edler.
1:24 of 2nd period - Ty Dellandrea wins face-off versus Eric Staal in Flames zone.
1:35 of 2nd period - Snap shot by Ty Dellandrea.
1:35 of 2nd period - Deflect By Pat Maroon.
1:35 of 2nd period - Stopped by Dylan Wells with a rebound.
1:37 of 2nd period - Slapshot by Adam Boqvist.
1:37 of 2nd period - Deflect By Ty Dellandrea.
1:37 of 2nd period - Shot Blocked by Alexander Edler.
1:37 of 2nd period - Puck is out of play.
1:38 of 2nd period - David Krejci wins face-off versus Trevor Zegras in Flames zone.
1:45 of 2nd period - Snap shot by Trevor Zegras.
1:45 of 2nd period - Stopped by Dylan Wells with a rebound.
1:47 of 2nd period - Snap shot by Corey Perry.
1:47 of 2nd period - Stopped by Dylan Wells without a rebound.
1:48 of 2nd period - David Krejci wins face-off versus Trevor Zegras in Flames zone.
1:52 of 2nd period - Off-side.
1:53 of 2nd period - Trevor Zegras wins face-off versus David Krejci in neutral zone.
2:06 of 2nd period - Nick Leddy is hit by Corey Perry.
2:24 of 2nd period - Wrist shot by Tyler Johnson.
2:24 of 2nd period - Shot Misses the Net.
2:26 of 2nd period - Backhand shot by Jack McBain.
2:26 of 2nd period - Stopped by Semyon Varlamov with a rebound.
2:48 of 2nd period - Slapshot by Joe Veleno.
2:48 of 2nd period - Stopped by Semyon Varlamov with a rebound.
2:50 of 2nd period - Slapshot by Joe Veleno.
2:50 of 2nd period - Deflect By Ryan Reaves.
2:50 of 2nd period - Shot Misses the Net.
2:50 of 2nd period - Puck is out of play.
2:51 of 2nd period - Trevor Zegras wins face-off versus Joe Veleno in Predators zone.
3:36 of 2nd period - Mason McTavish is hit by Matt Martin and loses puck.
3:49 of 2nd period - Snap shot by Joe Veleno.
3:49 of 2nd period - Shot Misses the Net.
4:03 of 2nd period - Snap shot by Matt Martin.
4:03 of 2nd period - Shot Misses the Net.
4:05 of 2nd period - Slapshot by Joe Veleno.
4:05 of 2nd period - Shot Blocked by Adam Boqvist.
4:16 of 2nd period - Snap shot by Joe Veleno.
4:16 of 2nd period - Deflect By Matt Martin.
4:16 of 2nd period - Shot Misses the Net.
4:16 of 2nd period - Puck is out of play.
4:17 of 2nd period - David Krejci wins face-off versus Blake Lizotte in Predators zone.
4:26 of 2nd period - Snap shot by Andrew Cogliano.
4:26 of 2nd period - Shot Blocked by Gustav Nyquist.
4:30 of 2nd period - Snap shot by Andrew Cogliano.
4:30 of 2nd period - Stopped by Dylan Wells with a rebound.
4:32 of 2nd period - Slapshot by Nicolas Hague.
4:32 of 2nd period - Shot Misses the Net.
4:44 of 2nd period - Nicolas Hague is hit by Alexander Edler.
9:08 of 2nd period - Slapshot by Jack McBain.
9:08 of 2nd period - Shot Misses the Net.
9:16 of 2nd period - Corey Perry is hit by Dryden Hunt and loses puck.
9:29 of 2nd period - Wrist shot by Luke Glendening.
9:29 of 2nd period - Shot Misses the Net.
9:49 of 2nd period - Snap shot by Jesper Boqvist.
9:49 of 2nd period - Stopped by Dylan Wells without a rebound.
9:50 of 2nd period - Trevor Zegras wins face-off versus Joe Veleno in Flames zone.
9:57 of 2nd period - Mason McTavish is hit by Joe Veleno and loses puck.
11:20 of 2nd period - Wrist shot by Trevor Zegras.
11:20 of 2nd period - Shot Misses the Net.
11:52 of 2nd period - Ben Hutton is hit by Ty Dellandrea and loses puck.
12:11 of 2nd period - Slapshot by Adam Erne.
12:11 of 2nd period - Stopped by Dylan Wells without a rebound.
12:12 of 2nd period - Luke Glendening wins face-off versus Jack McBain in Flames zone.
12:19 of 2nd period - Wrist shot by Keegan Kolesar.
12:19 of 2nd period - Stopped by Dylan Wells with a rebound.
12:38 of 2nd period - Tyler Johnson is hit by Keegan Kolesar and loses puck.
12:45 of 2nd period - Wrist shot by Keegan Kolesar.
12:45 of 2nd period - Stopped by Dylan Wells with a rebound.
12:47 of 2nd period - Slapshot by Erik Gustafsson.
12:47 of 2nd period - Deflect By Keegan Kolesar.
12:47 of 2nd period - Shot Misses the Net.
12:47 of 2nd period - Puck is out of play.
12:48 of 2nd period - Corey Perry wins face-off versus David Krejci in Flames zone.
12:52 of 2nd period - Minor Penalty to Casey Mittelstadt for Roughing.
12:53 of 2nd period - Joe Veleno wins face-off versus Trevor Zegras in Flames zone.
13:06 of 2nd period - Matt Martin is hit by Blake Lizotte and loses puck.
13:56 of 2nd period - Icing by Marc-Edouard Vlasic.
13:57 of 2nd period - Joe Veleno wins face-off versus Jesper Boqvist in Predators zone.
14:52 of 2nd period - Penalty to Casey Mittelstadt is over, Casey Mittelstadt is back on ice.
14:59 of 2nd period - Snap shot by Keegan Kolesar.
14:59 of 2nd period - Shot Misses the Net.
15:01 of 2nd period - Snap shot by Luke Glendening.
15:01 of 2nd period - Goal by Luke Glendening - Flames : 0 - Predators : 4.
15:02 of 2nd period - David Krejci wins face-off versus Trevor Zegras in neutral zone.
15:09 of 2nd period - Snap shot by Gustav Nyquist.
15:09 of 2nd period - Shot Blocked by Marc-Edouard Vlasic.
15:11 of 2nd period - Snap shot by Gustav Nyquist.
15:11 of 2nd period - Goal by Gustav Nyquist - Flames : 1 - Predators : 4.
15:12 of 2nd period - Trevor Zegras wins face-off versus David Krejci in neutral zone.
15:23 of 2nd period - Wrist shot by Gustav Nyquist.
15:23 of 2nd period - Shot Misses the Net.
16:06 of 2nd period - Nick Leddy is hit by Luke Glendening and loses puck.
16:11 of 2nd period - Wrist shot by Adam Erne.
16:11 of 2nd period - Stopped by Dylan Wells without a rebound.
16:12 of 2nd period - David Krejci wins face-off versus Trevor Zegras in Flames zone.
16:46 of 2nd period - Wrist shot by Phil Kessel.
16:46 of 2nd period - Shot Blocked by Derek Grant.
16:50 of 2nd period - Slapshot by Phil Kessel.
16:50 of 2nd period - Stopped by Dylan Wells without a rebound.
16:51 of 2nd period - David Krejci wins face-off versus Andrew Cogliano in Flames zone.
17:08 of 2nd period - Casey Mittelstadt is hit by Phil Kessel and loses puck.
17:25 of 2nd period - Slapshot by Joe Veleno.
17:25 of 2nd period - Shot Misses the Net.
17:27 of 2nd period - Snap shot by Ryan Reaves.
17:27 of 2nd period - Stopped by Semyon Varlamov with a rebound.
17:29 of 2nd period - Snap shot by Nikita Zaitsev.
17:29 of 2nd period - Stopped by Semyon Varlamov with a rebound.
17:31 of 2nd period - Snap shot by Michael Stone.
17:31 of 2nd period - Shot Blocked by Erik Gustafsson.
17:55 of 2nd period - Slapshot by Jack McBain.
17:55 of 2nd period - Goal by Jack McBain - Flames : 2 - Predators : 4.
17:56 of 2nd period - David Krejci wins face-off versus Trevor Zegras in neutral zone.
18:07 of 2nd period - Snap shot by Mason McTavish.
18:07 of 2nd period - Stopped by Dylan Wells with a rebound.
18:09 of 2nd period - Slapshot by Timothy Liljegren.
18:09 of 2nd period - Stopped by Dylan Wells without a rebound.
18:10 of 2nd period - David Krejci wins face-off versus Trevor Zegras in Flames zone.
18:34 of 2nd period - Minor Penalty to Nick Leddy for High sticking.
18:35 of 2nd period - Trevor Zegras wins face-off versus Jack McBain in Flames zone.
18:39 of 2nd period - Wrist shot by Blake Lizotte.
18:39 of 2nd period - Shot Blocked by Derek Grant.
18:51 of 2nd period - Snap shot by Joe Veleno.
18:51 of 2nd period - Shot Misses the Net.
19:42 of 2nd period - Adam Erne is hit by Alexander Edler and loses puck.
Goals for this period are 2 for Flames vs 1 for Predators.
Shots for this period are 8 for Flames vs 13 for Predators.

3rd period


0:01 of 3rd period - Jack McBain wins face-off versus Trevor Zegras in neutral zone.
0:09 of 3rd period - Slapshot by Erik Gustafsson.
0:09 of 3rd period - Shot Blocked by Brendan Smith.
0:27 of 3rd period - Matt Martin is hit by Andrew Cogliano and loses puck.
0:34 of 3rd period - Penalty to Nick Leddy is over, Nick Leddy is back on ice.
1:00 of 3rd period - Adam Boqvist is hit by Matt Martin and loses puck.
1:41 of 3rd period - Andrew Cogliano is hit by Casey Mittelstadt and loses puck.
1:48 of 3rd period - Slapshot by Nicolas Hague.
1:48 of 3rd period - Deflect By Nick Leddy.
1:48 of 3rd period - Goal by Nicolas Hague - Flames : 2 - Predators : 5.
1:49 of 3rd period - David Krejci wins face-off versus Trevor Zegras in neutral zone.
1:54 of 3rd period - Wrist shot by David Krejci.
1:54 of 3rd period - Stopped by Semyon Varlamov with a rebound.
1:56 of 3rd period - Slapshot by Nick Leddy.
1:56 of 3rd period - Deflect By Mason McTavish.
1:56 of 3rd period - Stopped by Semyon Varlamov with a rebound.
1:58 of 3rd period - Slapshot by Nick Leddy.
1:58 of 3rd period - Stopped by Semyon Varlamov without a rebound.
1:59 of 3rd period - David Krejci wins face-off versus Trevor Zegras in Predators zone.
2:16 of 3rd period - Wrist shot by Gustav Nyquist.
2:16 of 3rd period - Stopped by Semyon Varlamov without a rebound.
2:17 of 3rd period - Blake Lizotte wins face-off versus Jack McBain in Predators zone.
2:23 of 3rd period - Nicolas Hague is hit by Jack McBain and loses puck.
2:26 of 3rd period - Slapshot by Marc-Edouard Vlasic.
2:26 of 3rd period - Deflect By Blake Lizotte.
2:26 of 3rd period - Stopped by Dylan Wells without a rebound.
2:27 of 3rd period - Blake Lizotte wins face-off versus Jack McBain in Flames zone.
2:28 of 3rd period - Snap shot by Phil Kessel.
2:28 of 3rd period - Shot Misses the Net.
2:30 of 3rd period - Snap shot by Blake Lizotte.
2:30 of 3rd period - Shot Misses the Net.
2:32 of 3rd period - Slapshot by Marc-Edouard Vlasic.
2:32 of 3rd period - Stopped by Dylan Wells with a rebound.
2:54 of 3rd period - Snap shot by Blake Lizotte.
2:54 of 3rd period - Shot Blocked by Nick Leddy.
3:02 of 3rd period - Phil Kessel is hit by Derek Grant and loses puck.
3:51 of 3rd period - Slapshot by Marc-Edouard Vlasic.
3:51 of 3rd period - Stopped by Dylan Wells with a rebound.
3:53 of 3rd period - Slapshot by Andrew Cogliano.
3:53 of 3rd period - Stopped by Dylan Wells with a rebound.
4:01 of 3rd period - Andrew Cogliano is hit by Olli Maatta and loses puck.
4:18 of 3rd period - Snap shot by Tyler Johnson.
4:18 of 3rd period - Shot Misses the Net.
4:24 of 3rd period - Snap shot by Jack McBain.
4:24 of 3rd period - Stopped by Semyon Varlamov with a rebound.
4:30 of 3rd period - Snap shot by Jack McBain.
4:30 of 3rd period - Shot Blocked by Nicolas Hague.
4:44 of 3rd period - Snap shot by Blake Lizotte.
4:44 of 3rd period - Stopped by Dylan Wells with a rebound.
4:46 of 3rd period - Backhand shot by Phil Kessel.
4:46 of 3rd period - Stopped by Dylan Wells with a rebound.
4:48 of 3rd period - Snap shot by Marc-Edouard Vlasic.
4:48 of 3rd period - Stopped by Dylan Wells without a rebound.
4:49 of 3rd period - Joe Veleno wins face-off versus Trevor Zegras in Flames zone.
4:49 of 3rd period - Joe Veleno is hit by Cal Foote.
5:24 of 3rd period - Dryden Hunt is hit by Mason McTavish.
5:28 of 3rd period - Mason McTavish is hit by Brendan Smith and loses puck.
5:39 of 3rd period - Casey Mittelstadt is hit by Luke Glendening and loses puck.
6:18 of 3rd period - Ty Dellandrea is hit by Casey Mittelstadt and loses puck.
6:23 of 3rd period - Snap shot by Casey Mittelstadt.
6:23 of 3rd period - Shot Misses the Net.
6:54 of 3rd period - Icing by Gustav Nyquist.
6:55 of 3rd period - Trevor Zegras wins face-off versus Eric Staal in Flames zone.
7:32 of 3rd period - Michael Stone is hit by Adam Boqvist and loses puck.
7:43 of 3rd period - Snap shot by Corey Perry.
7:43 of 3rd period - Shot Blocked by Michael Stone.
7:45 of 3rd period - Wrist shot by Trevor Zegras.
7:45 of 3rd period - Stopped by Dylan Wells without a rebound.
7:46 of 3rd period - Ty Dellandrea wins face-off versus Eric Staal in Flames zone.
7:47 of 3rd period - Slapshot by Jesper Boqvist.
7:47 of 3rd period - Deflect By Pat Maroon.
7:47 of 3rd period - Stopped by Dylan Wells with a rebound.
8:10 of 3rd period - Icing by Jesper Boqvist.
8:11 of 3rd period - Trevor Zegras wins face-off versus Ryan Reaves in Predators zone.
8:25 of 3rd period - Slapshot by Trevor Zegras.
8:25 of 3rd period - Stopped by Dylan Wells with a rebound.
8:27 of 3rd period - Snap shot by Mason McTavish.
8:27 of 3rd period - Shot Misses the Net.
8:42 of 3rd period - Off-side.
8:43 of 3rd period - Luke Glendening wins face-off versus David Krejci in neutral zone.
8:43 of 3rd period - Luke Glendening and Casey Mittelstadt fight to a draw.
8:43 of 3rd period - Penalty to Luke Glendening for Fighting.
8:43 of 3rd period - Penalty to Casey Mittelstadt for Fighting.
8:44 of 3rd period - Trevor Zegras wins face-off versus David Krejci in neutral zone.
9:15 of 3rd period - Andrew Cogliano is hit by Ryan Reaves and loses puck.
9:20 of 3rd period - Snap shot by Joe Veleno.
9:20 of 3rd period - Stopped by Semyon Varlamov without a rebound.
9:21 of 3rd period - Joe Veleno wins face-off versus Blake Lizotte in Predators zone.
9:26 of 3rd period - Wrist shot by Ryan Reaves.
9:26 of 3rd period - Stopped by Semyon Varlamov with a rebound.
9:36 of 3rd period - Snap shot by Joe Veleno.
9:36 of 3rd period - Shot Misses the Net.
9:50 of 3rd period - Slapshot by Erik Gustafsson.
9:50 of 3rd period - Shot Blocked by Alexander Edler.
9:52 of 3rd period - Wrist shot by Mason McTavish.
9:52 of 3rd period - Shot Blocked by Derek Grant.
10:51 of 3rd period - Matt Martin is hit by Ty Dellandrea and loses puck.
11:49 of 3rd period - Icing by Jesper Boqvist.
11:50 of 3rd period - Joe Veleno wins face-off versus Ty Dellandrea in Predators zone.
12:15 of 3rd period - Mason McTavish is hit by Derek Grant and loses puck.
12:22 of 3rd period - Slapshot by Jack McBain.
12:22 of 3rd period - Shot Blocked by Corey Perry.
12:42 of 3rd period - Alexander Edler is hit by Blake Lizotte and loses puck.
12:53 of 3rd period - Dryden Hunt is hit by Nicolas Hague and loses puck.
13:06 of 3rd period - Snap shot by Ty Dellandrea.
13:06 of 3rd period - Deflect By Pat Maroon.
13:06 of 3rd period - Stopped by Dylan Wells without a rebound.
13:07 of 3rd period - Ty Dellandrea wins face-off versus Joe Veleno in Flames zone.
13:28 of 3rd period - Wrist shot by Ty Dellandrea.
13:28 of 3rd period - Deflect By Pat Maroon.
13:28 of 3rd period - Shot Blocked by Ben Hutton.
13:28 of 3rd period - Puck is out of play.
13:29 of 3rd period - Jack McBain wins face-off versus Trevor Zegras in Flames zone.
13:46 of 3rd period - Slapshot by Tyler Johnson.
13:46 of 3rd period - Shot Misses the Net.
14:06 of 3rd period - Slapshot by Timothy Liljegren.
14:06 of 3rd period - Stopped by Dylan Wells with a rebound.
14:45 of 3rd period - Snap shot by Derek Grant.
14:45 of 3rd period - Stopped by Semyon Varlamov with a rebound.
14:49 of 3rd period - Wrist shot by Tyler Johnson.
14:49 of 3rd period - Deflect By Jack McBain.
14:49 of 3rd period - Shot Misses the Net.
14:49 of 3rd period - Puck is out of play.
14:50 of 3rd period - David Krejci wins face-off versus Trevor Zegras in Predators zone.
15:13 of 3rd period - Minor Penalty to Corey Perry for Roughing.
15:14 of 3rd period - David Krejci wins face-off versus Luke Glendening in Predators zone.
15:15 of 3rd period - Wrist shot by Gustav Nyquist.
15:15 of 3rd period - Stopped by Semyon Varlamov without a rebound.
15:16 of 3rd period - Luke Glendening wins face-off versus David Krejci in Predators zone.
15:27 of 3rd period - Brendan Smith is hit by Luke Glendening and loses puck.
17:13 of 3rd period - Penalty to Corey Perry is over, Corey Perry is back on ice.
18:15 of 3rd period - Wrist shot by Erik Gustafsson.
18:15 of 3rd period - Shot Blocked by Gustav Nyquist.
18:22 of 3rd period - Icing by Ben Hutton.
18:23 of 3rd period - Eric Staal wins face-off versus Trevor Zegras in Flames zone.
18:23 of 3rd period - Eric Staal is hit by Corey Perry.
19:42 of 3rd period - Derek Grant is hit by Corey Perry.
Goals for this period are 0 for Flames vs 1 for Predators.
Shots for this period are 9 for Flames vs 13 for Predators.